 Dungeon Crawl Stone Soup version 0.19.1-1-g22dce08 (webtiles) character file.

7 Gargoyl the Skirmisher (level 2, 0/26 HPs)
             Began as a Ghoul Abyssal Knight on Dec 30, 2016.
             Was an Initiate of Lugonu.
             Slain by a gnoll
             ... wielding a +0 flail
              (2 damage)
             ... on level 1 of the Dungeon.
             The game lasted 00:01:24 (657 turns).

Gargoyl the Skirmisher (Ghoul Abyssal Knight)        Turns: 657, Time: 00:01:24

Health: 0/26       AC:  8    Str: 17      XL:     2   Next: 4%
Magic:  2/2        EV:  9    Int:  7      God:    Lugonu [......]
Gold:   0          SH:  0    Dex:  7 (8)  Spells: 0 memorised, 1 level left

rFire  . . .     SeeInvis .     a - +1 hand axe
rCold  + . .     Gourm    .     f - +2 scale mail of the Planets {rN+ rCorr Str+2}
rNeg   + + +     Faith    .     (no shield)
rPois  ∞         Spirit   .     (no helmet)
rElec  .         Reflect  .     (no cloak)
rCorr  +         Harm     .     (no gloves)
MR     .....                    (no boots)
Stlth  ..........               (no amulet)
                                (no ring)
                                (no ring)

@: rotting
A: rotting body, claws 1, carnivore 3, cold resistance 1, negative energy
resistance 3, slow regeneration 1, torment resistance, unbreathing
a: Renounce Religion


You were on level 1 of the Dungeon.
You worshipped Lugonu.
Lugonu was noncommittal.
You were not hungry.

You visited 1 branch of the dungeon, and saw 2 of its levels.
You visited the Abyss 1 time.

Inventory:

Hand Weapons
 a - a +1 hand axe (weapon)
Armour
 f - the +2 scale mail of the Planets (worn) {rN+ rCorr Str+2}
   (You found it on level 2 of the Abyss)

   It affects your strength (+2).
   It protects you from negative energy.
   It protects you from acid and corrosion.
Scrolls
 b - a scroll of magic mapping {unknown}
 e - a scroll of vulnerability {unknown}
Comestibles
 c - a meat ration


   Skills:
 + Level 3.4 Fighting
 + Level 1.8 Axes
 * Level 2.0 Armour
 + Level 0.8 Dodging
 * Level 2.2 Invocations


You had one spell level left.
You didn't know any spells.

Dungeon Overview and Level Annotations

Branches:
Dungeon (2/15)

Altars:


Innate Abilities, Weirdness & Mutations

Your body is rotting away.
You thrive on raw meat.
You are immune to poison.
You have sharp fingernails.
You are carnivorous and can eat meat at any time.
Your flesh is cold resistant. (rC+)
You are immune to negative energy. (rN+++)
You regenerate slowly when monsters are visible.
You are immune to unholy pain and torment.
You can survive without breathing.


Message History

You barely miss the gnoll.
The gnoll is moderately wounded.
The gnoll hits you with a flail!
You barely miss the gnoll.
The gnoll is moderately wounded.
The gnoll barely misses you.
You barely miss the gnoll.
The gnoll is moderately wounded.
The gnoll barely misses you.
You barely miss the gnoll.
The gnoll is moderately wounded.
The gnoll barely misses you.
You barely miss the gnoll.
The gnoll is moderately wounded.
The gnoll hits you with a flail.
* * * LOW HITPOINT WARNING * * *
You hit the gnoll but do no damage.
The gnoll is moderately wounded.
The gnoll hits you with a flail.
You die...

#...##.))....#.
###.##........#......#
###.##...............##
............##........#
###.###.....##.........
#.##.......#.........
#..........##........
###........##........
#.#....g..#@#.....
#.##...##.g.......#
#g#####........#.## #.#
###......#...#
#.###.))....##...#
#.....#...### ....
...........#...# ...
######.....#..... ...
#.###.....###


You could see a gnoll.

Vanquished Creatures
  3 hobgoblins (D:1)
  2 kobolds
  A rat (D:1)
6 creatures vanquished.

Notes
Turn   | Place    | Note
-------+----------+-------------------------------------------
     0 | Abyss:1  | Gargoyl the Ghoul Abyssal Knight began the quest for the Orb.
     0 | Abyss:1  | Reached XP level 1. HP: 19/19 MP: 1/1
    50 | Abyss:1  | Found a basalt altar of Yredelemnul.
    98 | Abyss:2  | Got a faintly glowing scale mail
   109 | Abyss:2  | Identified the +2 scale mail of the Planets {rN+ rCorr Str+2} (You found it on level 2 of the Abyss)
   179 | Abyss:2  | Noticed a bone dragon
   187 | Abyss:2  | Noticed a wretched star
   189 | D:1      | Escaped the Abyss
   586 | D:2      | Reached XP level 2. HP: 5/25 MP: 2/2
   657 | D:1      | Slain by a gnoll

Skill      XL: |  1 |
---------------+----+-----
Armour         | 2 |  2.0
Fighting       | |  3.4
Axes           | |  1.8
Dodging        | |  0.8
Invocations    | |  2.2

Action                   || total
-------------------------++-------
Melee: Hand axe          ||    30
Invok: Depart the Abyss  ||     1
  Eat: Chunk             ||     3
Armor: Scale mail        ||     6
Dodge: Dodged            ||    21
